 Dungeon Crawl Stone Soup version 0.29.1-1-gd02db69 (webtiles) character file.

Game seed: 18106038010945250113

43 Jonnyslop the Chopper (level 3, -3/33 HPs)
             Began as a Hill Orc Fighter on Feb 2, 2023.
             Killed from afar by Terence (8 damage)
             ... with a bolt of light
             ... on level 2 of the Dungeon on Feb 3, 2023.
             The game lasted 00:03:49 (1858 turns).

Jonnyslop the Chopper (Hill Orc Fighter)            Turns: 1858, Time: 00:03:50

Health: -3/33      AC:  6    Str: 20    XL:     3   Next: 58%
Magic:  3/3        EV:  9    Int:  8    God:
Gold:   68         SH:  0    Dex: 10    Spells: 2/2 levels left

rFire   . . .      SeeInvis .   a - +0 war axe
rCold   . . .      Faith    .   c - +0 buckler
rNeg    . . .      Spirit   .   b - +0 scale mail
rPois   .          Reflect  .   (no helmet)
rElec   .          Harm     .   (no cloak)
rCorr   .          Rampage  .   (no gloves)
Will    .....                   (no boots)
Stlth   ..........              (no amulet)
HPRegen 0.11/turn               (no ring)
MPRegen 0.08/turn               (no ring)

@: confused, mighty
A: no striking features
a: no special abilities


You were on level 2 of the Dungeon.
You visited 1 branch of the dungeon, and saw 3 of its levels.

You collected 68 gold pieces.

Inventory:

Hand Weapons
 a - a +0 war axe (weapon)
Missiles
 j - a javelin (quivered)
Armour
 b - a +0 scale mail (worn)
 c - a +0 buckler (worn)
Scrolls
 f - a scroll of magic mapping {unknown}
 g - a scroll of butterflies {unknown}
 h - 2 scrolls of identify {unknown}
 i - a scroll of fear {unknown}


   Skills:
 + Level 4.2 Fighting
 * Level 4.5 Axes
 - Level 3.2 Armour
 - Level 3.2 Shields


You had 2 spell levels left.
You didn't know any spells.
Your spell library was empty.

Dungeon Overview and Level Annotations

Branches:
Dungeon (3/15)

Altars:

Annotations:
D:2 Terence


Message History

You slash Terence!
Terence is severely wounded.
Terence drinks a potion.
Terence is healed!
Terence closely misses you.
You slash Terence!
Terence is severely wounded.
Terence zaps a wand.
The bolt of light hits you!
You are confused.
* * * LOW HITPOINT WARNING * * *
You are too injured to fight recklessly!
You are too injured to fight recklessly!
You are too injured to fight recklessly!
You are too injured to fight recklessly!
You are too injured to fight recklessly!
You are too injured to fight recklessly!
You are too injured to fight recklessly!
You are too injured to fight recklessly!
You are too injured to fight recklessly!
You are too injured to fight recklessly!
You are too injured to fight recklessly!
You are too injured to fight recklessly!
You are too injured to fight recklessly!
You are too injured to fight recklessly!
You are too injured to fight recklessly!
You are too injured to fight recklessly!
You are too injured to fight recklessly!
You are too injured to fight recklessly!
You are too injured to fight recklessly!
You are too injured to fight recklessly!
You are too injured to fight recklessly!
You are too injured to fight recklessly!
You are too injured to fight recklessly!
You bump into the rock wall.
Terence hits you with a +0 hand axe.
* * * LOW HITPOINT WARNING * * *
Terence attacks as you move away! Terence barely misses you.
You completely miss Terence.
Terence is severely wounded.
You feel less confused.
Terence zaps a wand.
The bolt of light hits you!
You are confused.
You die...

#..
#####.......##########
#.###@..........#
#.#...####......# #...###
#......# ##..## #......#
###...# #......# .....##
#.######
...##########.#######
........(.....†@@>..#
.##....######.#####......
.# ###.# ...# ###.. ## #
...### # ...## ##


You could see Terence.

Vanquished Creatures
  An adder (D:1)
  A dart slug (D:1)
  2 bats
  4 endoplasms (D:1)
  2 giant cockroaches
  3 goblins
  5 hobgoblins
  4 jackals (D:2)
  A kobold (D:1)
  2 ball pythons (D:1)
  A frilled lizard (D:1)
26 creatures vanquished.

Notes
Turn   | Place    | Note
-------+----------+-------------------------------------------
     0 | D:1      | Jonnyslop the Hill Orc Fighter began the quest for the Orb.
     0 | D:1      | Reached XP level 1. HP: 19/19 MP: 1/1
   398 | D:1      | Found a faded altar of an unknown god.
   465 | D:1      | Reached XP level 2. HP: 27/27 MP: 2/2
   908 | D:2      | Reached XP level 3. HP: 32/33 MP: 3/3
  1049 | D:2      | Noticed Terence
  1858 | D:2      | Killed from afar by Terence

Illustrated notes

Levels and vault maps discovered:
D:1:      mrwooster_arrival_statue, layout_loops_ring, basic_ecumenical_altar
D:2:      layout_rooms, fountainhead, uniq_terence, uniq_sigmund,
          uniq_crazy_yiuf_cottage
D:3:      layout_basic, nicolae_qazlal_general_emergency, nrook_campfire,
          minmay_shallow_snake_nest

Skill      XL: |  1  2 |
---------------+-------+-----
Axes           | 3 4 |  4.5
Fighting       | 4 |  4.2
Armour         | |  3.2
Shields        | |  3.2

Action                   || total
-------------------------++-------
Melee: War axe           ||    67
Throw: Javelin           ||     3
  Use: Scroll            ||     1
       Potion            ||     1
Armor: Scale mail        ||    29
Dodge: Dodged            ||    35
Block: Buckler           ||    18
